 Dungeon Crawl Stone Soup version 0.28.0-53-g5a82cb258f (webtiles) character file.

Game seed: 4923912135312553903

54 quokkamancerX the Chopper (level 3, -1/31 HPs)
             Began as a Hill Orc Fighter on May 28, 2022.
             Killed from afar by Sigmund (10 damage)
             ... with a puff of flame
             ... on level 2 of the Dungeon.
             The game lasted 00:04:32 (1557 turns).

quokkamancerX the Chopper (Hill Orc Fighter)        Turns: 1557, Time: 00:04:33

Health: -1/31      AC:  8    Str: 20    XL:     3   Next: 91%
Magic:  3/3        EV:  9    Int:  8    God:
Gold:   42         SH:  4    Dex: 10    Spells: 2/2 levels left

rFire   . . .      SeeInvis .   a - +0 war axe
rCold   . . .      Faith    .   c - +0 buckler
rNeg    . . .      Spirit   .   b - +0 scale mail
rPois   .          Reflect  .   (no helmet)
rElec   .          Harm     .   (no cloak)
rCorr   .          Rampage  .   i - +0 pair of gloves
Will    .....                   (no boots)
Stlth   ..........              (no amulet)
HPRegen 0.10/turn               (no ring)
MPRegen 0.08/turn               (no ring)

@: mighty
A: no striking features
a: no special abilities


You were on level 2 of the Dungeon.
You visited 1 branch of the dungeon, and saw 2 of its levels.

You collected 42 gold pieces.

Inventory:

Hand Weapons
 a - a +0 war axe (weapon)
Missiles
 f - 2 boomerangs (quivered)
Armour
 b - a +0 scale mail (worn)
 c - a +0 buckler (worn)
 i - a +0 pair of gloves (worn)
Scrolls
 e - a scroll of acquirement {unknown}
 g - 2 scrolls of silence {unknown}
 h - 3 scrolls of identify {unknown}
 k - a scroll of summoning {unknown}
Potions
 j - 2 potions of curing {unknown}


   Skills:
 - Level 3.6 Fighting
 + Level 5.4 Axes
 - Level 3.2 Armour
 - Level 3.2 Shields


You had 2 spell levels left.
You didn't know any spells.
Your spell library was empty.

Dungeon Overview and Level Annotations

Branches:
Dungeon (2/15)

Altars:

Annotations:
D:2 Sigmund


Message History

The ball python bites you. The ball python constricts you.
You slash the ball python!
You kill the ball python!
You see here a ball python corpse.
k - a scroll labelled TYBLAXK GAKAM HP restored.
Found 10 bolts.
Sigmund the Dreaded comes into view.
He is wielding a +3 vampiric scythe and carrying a wand of flame (7).
Sigmund shouts!
A giant cockroach comes into view.
Sigmund zaps a wand.
The puff of flame hits you. Sigmund hits you but does no damage.
You feel very mighty all of a sudden.
Sigmund hits you with a +3 vampiric scythe.
A kobold comes into view. It is wielding a +0 dagger.
The kobold shouts!
You hit Sigmund.
Sigmund is lightly wounded.
You block Sigmund's attack.
You closely miss Sigmund.
Sigmund is lightly wounded.
Sigmund hits you with a +3 vampiric scythe.
Sigmund draws strength from your wounds!
You slash Sigmund!
Sigmund is heavily wounded.
Sigmund closely misses you.
You closely miss Sigmund.
Sigmund is heavily wounded.
You closely miss Sigmund.
Sigmund is heavily wounded.
Sigmund zaps a wand.
The puff of flame hits you.
Sigmund zaps a wand.
The puff of flame hits you!
* * * LOW HITPOINT WARNING * * *
You slash Sigmund!
Sigmund is severely wounded.
Sigmund hits you but does no damage.
You closely miss Sigmund.
Sigmund is severely wounded.
Sigmund zaps a wand.
The puff of flame hits you!
You die...

# ###########
##...
#.........#.....#
#.#######@@B....#
####.# ###K##..#
#....# # ###....##
###.......##
...........#####..
##....>..........
###......#####(.
#....†####


You could see Sigmund, a giant cockroach and a kobold.

Vanquished Creatures
  An adder (D:2)
  2 worms (D:2)
  4 ball pythons
  5 bats
  5 endoplasms
  4 giant cockroaches
  3 goblins
  3 hobgoblins (D:1)
  3 frilled lizards
  3 kobolds (D:2)
  4 rats (D:1)
37 creatures vanquished.

Notes
Turn   | Place    | Note
-------+----------+-------------------------------------------
     0 | D:1      | quokkamancerX the Hill Orc Fighter began the quest for the
                  | Orb.
     0 | D:1      | Reached XP level 1. HP: 19/19 MP: 1/1
    72 | D:1      | Reached skill level 3 in Axes
   183 | D:1      | Reached XP level 2. HP: 25/26 MP: 2/2
   334 | D:1      | Reached skill level 4 in Axes
   523 | D:1      | Found a faded altar of an unknown god.
   764 | D:1      | Reached XP level 3. HP: 28/31 MP: 3/3
  1165 | D:2      | Reached skill level 5 in Axes
  1545 | D:2      | Noticed Sigmund
  1557 | D:2      | Killed from afar by Sigmund

Illustrated notes

Levels and vault maps discovered:
D:1:      dpeg_arrival_orchard, layout_basic,
          hellmonk_ecumenical_altar_crossroads, minmay_misc_feat_plants,
          minmay_hedge_maze
D:2:      layout_loops_ring, chequers_serial_rivers_room_b, minmay_diced_spiral,
          uniq_sigmund

Skill      XL: |  1  2  3 |
---------------+----------+-----
Axes           | 3 4 5 |  5.4
Fighting       | |  3.6
Armour         | |  3.2
Shields        | |  3.2

Action                   || total
-------------------------++-------
Melee: War axe           ||   118
Throw: Boomerang         ||     2
  Use: Potion            ||     1
Armor: Scale mail        ||    70
Dodge: Dodged            ||    66
Block: Buckler           ||    25
